 Dungeon Crawl Stone Soup version 0.18.1-6-gd335043 (webtiles) character file.

36426 Gingerlord the Corrupter of Planes (level 14, 0/113 HPs)
             Began as a Formicid Abyssal Knight on May 18, 2016.
             Was the Champion of Lugonu.
             Slain by a death yak (15 damage)
             ... on level 7 of the Lair of Beasts.
             The game lasted 00:46:30 (19686 turns).

Gingerlord the Corrupter of Planes (FoAK)          Turns: 19686, Time: 00:46:31

Health: 0/113      AC: 21    Str: 18    XL:     14   Next: 23%
Magic:  23/23      EV:  9    Int: 12    God:    Lugonu [******]
Gold:   856        SH: 17    Dex: 14    Spells: 0 memorised, 13 levels left

rFire  + . .     SeeInvis +     C - +6 great sword (distort)
rCold  . . .     Gourm    .     v - +6 chain mail of the Hells {rElec rF+}
rNeg   . . .     Faith    .     B - +0 large shield
rPois  +         Spirit   .     (helmet unavailable)
rElec  +         Dismiss  .     S - +0 cloak {rPois}
rCorr  .         Reflect  .     a - +0 pair of gloves
SustAt .         Harm     .     (no boots)
MR     +....                    (no amulet)
Stlth  ..........               (no ring)
                                (no ring)

@: very slightly contaminated, invisible, somewhat resistant to hostile
enchantments, extremely unstealthy
A: permanent stasis, dig shafts and tunnels, four strong arms, antennae 3
a: Dig, Shaft Self, Depart the Abyss, Bend Space, Banish, Corrupt, Enter the
Abyss, Renounce Religion


You were on level 7 of the Lair of Beasts.
You worshipped Lugonu.
Lugonu was exalted by your worship.
You were hungry.

You visited 2 branches of the dungeon, and saw 18 of its levels.
You visited the Abyss 1 time.
You also visited: Labyrinth and Ice Cave.

You collected 968 gold pieces.
You spent 112 gold pieces at shops.

Inventory:

Hand Weapons
 t - a +2 long sword of electrocution
 C - a +6 great sword of distortion (weapon)
Armour
 a - a +0 pair of gloves (worn)
 q - a +2 cloak of cold resistance
 v - the +6 chain mail of the Hells (worn) {rElec rF+}
   (You found it on level 7 of the Lair of Beasts)

   It protects you from fire.
   It insulates you from electricity.
 B - a +0 large shield (worn)
 S - a +0 cloak of poison resistance (worn)
Jewellery
 i - an uncursed amulet of rage {unknown}
 m - a +2 ring of protection
 I - an uncursed ring of ice
 R - an uncursed ring of flight
Wands
 l - a wand of digging (14/24)
 s - a wand of heal wounds (4/9)
Scrolls
 b - 12 scrolls of immolation
 e - 2 scrolls of fog {unknown}
 h - a scroll of enchant armour {unknown}
 j - 11 scrolls of remove curse
 k - 4 scrolls of recharging
 o - a scroll of fear {unknown}
 p - a scroll of torment {unknown}
 x - 5 scrolls of magic mapping
 N - a scroll of identify
Potions
 d - 6 potions of curing
 g - 2 potions of might
 r - a potion of mutation
 w - 2 potions of brilliance
 z - 2 potions of haste
 F - a potion of resistance
 H - 2 potions of flight
 K - a potion of cancellation
 M - a potion of cure mutation
 O - a potion of ambrosia
Comestibles
 c - 5 bread rations
 n - 6 meat rations
 A - 2 beef jerkies
 J - 3 slices of pizza


   Skills:
 + Level 11.4 Fighting
 + Level 10.1 Long Blades
 + Level 11.2 Armour
 - Level 6.7 Dodging
 + Level 11.3 Shields
 + Level 12.7 Invocations


You had 13 spell levels left.
You didn't know any spells.

Dungeon Overview and Level Annotations

Branches:
Dungeon (11/15)            Temple (0/1) D:7            Lair (7/8) D:9
  Swamp (0/4) Lair:6       Spider (0/4) Lair:5          Orc (0/2) D:10
  Slime: Lair:6-8

Altars:
Ashenzari
Dithmenos
Makhleb
Okawaru
Pakellas
Trog

Shops:
D:4 (   D:6 [   D:7 *   D:10 (

Annotations:
Abyss:1 Kirke


Innate Abilities, Weirdness & Mutations

You are under a permanent stasis effect.
You can dig through walls and to a lower floor.
Your four strong arms can wield two-handed weapons with a shield.
You have a pair of large antennae on your head (SInv).


Message History

You are too injured to fight recklessly!
You hit the death yak but do no damage.
The death yak is devoured by a tear in reality.
Lugonu claims a new guest.
You barely miss the death yak. You block the death yak's attack.
You completely miss the death yak. The death yak gores you!
* * * LOW HITPOINT WARNING * * *
Drink which item? (? for menu, Esc to quit)
You feel much better. The death yak gores you!!
* * * LOW HITPOINT WARNING * * *
Drink which item? (? for menu, Esc to quit)
You fade into invisibility!
The death yak gores you.
* * * LOW HITPOINT WARNING * * *
The death yak gores something!!
You are very lightly contaminated with residual magic.
You slash the death yak!
Space bends around the death yak.
The death yak is moderately wounded.
The death yak gores you!
You die...

##...## ##...## ##...#.##
#P.....#.# ##.......# #
#.#.P....# .# #........##
P## #.........# ### ...#
#.......P.####@######.....
#.......P..P###Y##PP......
......PP....###YY.Y..Y...
......PP.....#.#....P...Y
.................#.###...
..............>#...# .
..............##...#
...................#
..........P.........#


You could see 3 death yaks.

Vanquished Creatures
  4 death yaks
  The ghost of donath the Sneak, a novice OpAs of Dithmenos (D:5)
  6 black mambas
  6 elephants (Lair:6)
  4 gargoyles (Lab)
  An ice statue (IceCv)
  2 molten gargoyles (Lair:5)
  6 spiny frogs
  3 komodo dragons (Lair:1)
  8 ice devils (IceCv)
  6 blink frogs
  2 shadows (Lab)
  Sigmund (D:3)
  A spriggan (D:7)
  22 yaks
  2 hogs
  3 redbacks (Lab)
  3 hippogriffs
  3 basilisks
  2 hungry ghosts (D:10)
  5 swamp worms (Lair:6)
  11 water moccasins
  12 porcupines
  An ice beast (D:7)
  A black bear (D:8)
  3 orc warriors
  6 phantoms
  5 sky beasts
  7 wolves
  3 centaurs
  3 ogres
  9 crocodiles
  Blork the orc (D:4)
  9 giant frogs
  3 scorpions
  2 troll zombies (D:10)
  9 killer bees
  4 wights (D:8)
  An electric eel (Lair:6)
  A howler monkey (D:4)
  4 crimson imps
  2 giant frog zombies
  4 lava snakes (Lair:5)
  9 orc priests
  A hound (D:10)
  A jelly (D:7)
  A giant frog skeleton (D:6)
  13 orc wizards
  Natasha (thrice) (D:4)
  4 iguanas
  Ijyb (D:3)
  2 hell rats (Lair:7)
  6 worker ants
  7 sheep (Lair:6)
  6 ogre zombies (D:10)
  A hound skeleton (D:7)
  Robin (D:3)
  7 adders
  8 gnolls
  58 river rats
  4 shadow imps
  19 white imps
  8 ufetubi (IceCv)
  An ooze (D:3)
  3 adder zombies
  4 worms
  2 dart slugs
  6 giant geckos
  29 orcs
  A ball python (D:6)
  2 giant cockroaches
  12 goblins
  20 hobgoblins
  8 jackals
  2 quokkas
  10 bats
  A giant gecko skeleton (D:6)
  A giant gecko zombie (D:6)
  3 giant newts
  2 goblin skeletons (D:10)
  4 goblin zombies (D:10)
  3 hobgoblin skeletons (D:10)
  2 hobgoblin zombies (D:10)
  8 kobolds
  5 orc skeletons (D:10)
  9 orc zombies (D:10)
  16 rats
506 creatures vanquished.

Vanquished Creatures (others)
  The ghost of Chemotherapy the Martial Artist, a journeyman DsMo of Ashenzari (Lair:5)
  A minotaur (Lab)
  3 hydras
  4 death yaks
  An elephant (Lair:6)
  An ice statue (IceCv)
  A komodo dragon (Lair:6)
  A redback (Lab)
  3 yaks (Lair:7)
  A shadow (Lab)
  An orc warrior (D:7)
  A wolf (Lair:2)
  A giant frog (Lair:6)
  A killer bee (D:7)
  A lava snake (Lair:5)
  A river rat (Lair:7)
  A white imp (IceCv)
  An ufetubus (IceCv)
  A bush (Lair:2)
  10 fungi
  15 plants
51 creatures vanquished.

Grand Total: 557 creatures vanquished

Notes
Turn   | Place    | Note
--------------------------------------------------------------
     0 | Abyss:1  | Gingerlord the Formicid Abyssal Knight began the quest for the Orb.
     0 | Abyss:1  | Reached XP level 1. HP: 18/18 MP: 2/2
    58 | Abyss:1  | Noticed a worldbinder
    62 | Abyss:1  | Noticed a shadow wraith
    62 | D:1      | Escaped the Abyss
   169 | D:1      | Reached skill level 1 in Dodging
   309 | D:1      | Reached XP level 2. HP: 19/24 MP: 3/3
   480 | D:1      | Reached * piety under Lugonu
   988 | D:2      | Reached XP level 3. HP: 28/29 MP: 4/4
  1528 | D:3      | Noticed Robin
  1551 | D:3      | Killed Robin
  1551 | D:3      | Reached XP level 4. HP: 30/37 MP: 5/5
  1565 | D:3      | Reached ** piety under Lugonu
  1725 | D:3      | Noticed Sigmund
  1794 | D:4      | Noticed a phantom
  2035 | D:3      | Noticed Ijyb
  2058 | D:3      | Killed Ijyb
  2067 | D:3      | Killed Sigmund
  2067 | D:3      | Reached skill level 3 in Invocations
  2067 | D:3      | Reached XP level 5. HP: 28/43 MP: 5/7
  2067 | D:3      | Reached XP level 6. HP: 32/49 MP: 5/8
  2068 | D:3      | Found an iron altar of Okawaru.
  3169 | D:4      | Noticed Natasha
  3178 | D:4      | Killed Natasha
  3202 | D:4      | Reached XP level 7. HP: 49/55 MP: 9/9
  3204 | D:4      | Noticed Natasha
  3212 | D:4      | Killed Natasha
  3321 | D:4      | Found a shadowy altar of Dithmenos.
  3372 | D:4      | Noticed Blork the orc
  3390 | D:4      | Killed Blork the orc
  3390 | D:4      | Reached skill level 4 in Invocations
  3412 | D:4      | Noticed Natasha
  3433 | D:4      | Killed Natasha
  3682 | D:4      | Reached skill level 5 in Fighting
  3875 | D:4      | Found Xadypse's Weapon Shop.
  3904 | D:4      | Reached *** piety under Lugonu
  4120 | D:5      | Entered Level 5 of the Dungeon
  4174 | D:5      | Found a shattered altar of Ashenzari.
  4215 | D:5      | Noticed donath's ghost (novice OpAs)
  4219 | D:5      | Reached XP level 8. HP: 55/62 MP: 11/11
  4640 | D:5      | Reached skill level 1 in Shields
  4704 | D:5      | Reached skill level 5 in Invocations
  4898 | D:5      | Reached skill level 5 in Armour
  4969 | D:5      | Killed donath's ghost
  5367 | D:6      | Reached XP level 9. HP: 62/69 MP: 13/13
  5441 | D:6      | Got a twisted plate armour
  5452 | D:6      | Identified the +5 plate armour "Weagowah" {Dex+3} (You found it on level 6 of the Dungeon)
  5564 | D:6      | Found Jamumell's Armour Shop.
  5574 | D:6      | Bought a +0 large shield for 63 gold pieces
  5630 | D:6      | Reached **** piety under Lugonu
  5849 | D:7      | Reached skill level 5 in Long Blades
  5901 | D:7      | Found an oddly glowing altar of Pakellas.
  5901 | D:7      | Found a burning altar of Makhleb.
  5945 | D:7      | Reached skill level 6 in Invocations
  6740 | D:7      | Found a staircase to the Ecumenical Temple.
  6827 | D:7      | Found Cudd's General Store.
  6838 | D:7      | Bought a scroll of magic mapping for 49 gold pieces
  6946 | D:7      | Reached skill level 5 in Dodging
  7014 | D:7      | Reached XP level 10. HP: 69/77 MP: 13/15
  7613 | D:8      | Reached skill level 7 in Invocations
  7619 | D:8      | Reached skill level 5 in Shields
  7693 | D:8      | Noticed a moth of wrath
  7695 | D:8      | Found a bloodstained altar of Trog.
  8170 | D:8      | Reached ***** piety under Lugonu
  8857 | D:9      | Found a staircase to the Lair.
  9581 | D:10     | Entered Level 10 of the Dungeon
  9655 | D:10     | Found Nedatael's Antique Weapon Boutique.
  9747 | D:10     | Reached XP level 11. HP: 30/86 MP: 16/16
  9867 | D:10     | Found a staircase to the Orcish Mines.
 10051 | D:10     | Reached skill level 8 in Invocations
 10099 | D:10     | Reached ****** piety under Lugonu
 10635 | Lair:1   | Entered Level 1 of the Lair of Beasts
 10977 | D:9      | Identified a +2 great sword of distortion (a +0 great sword corrupted by Lugonu)
 10977 | D:9      | Received a gift from Lugonu
 11089 | Lair:1   | Found a frozen archway.
 11105 | IceCv    | Entered an ice cave
 11474 | IceCv    | Reached skill level 9 in Invocations
 11623 | IceCv    | Reached XP level 12. HP: 60/94 MP: 19/19
 12082 | Lair:1   | Reached skill level 10 in Invocations
 12147 | Lair:1   | Noticed a five-headed hydra
 12148 | Lair:1   | Banished a five-headed hydra
 13460 | Lair:3   | Noticed a seven-headed hydra
 13463 | Lair:3   | Banished a seven-headed hydra
 13463 | Lair:3   | Reached skill level 11 in Invocations
 13640 | Lair:3   | Got a translucent golden ring
 14566 | Lair:4   | Reached XP level 13. HP: 85/103 MP: 21/21
 14569 | Lair:4   | Reached skill level 10 in Fighting
 14846 | Lair:4   | Noticed a five-headed hydra
 15239 | Lair:4   | Banished a seven-headed hydra
 15239 | Lair:4   | Reached skill level 10 in Armour
 15365 | Lair:5   | Found a labyrinth entrance.
 15374 | Lab      | Entered a labyrinth
 15901 | Lab      | Reached skill level 10 in Shields
 16144 | Lab      | Noticed a minotaur
 16148 | Lab      | Noticed a centaur warrior
 16169 | Lab      | Banished a minotaur
 16169 | Lab      | Reached skill level 12 in Invocations
 16192 | Lab      | Identified the ring of Seufiq {Fire Int+6 Dex+5 Slay-5} (You found it on level 3 of the Lair of Beasts)
 16521 | Lair:5   | Noticed Chemotherapy's ghost (journeyman DsMo)
 16895 | Lair:5   | Banished Chemotherapy's ghost
 16924 | Lair:5   | Found a hole to the Spider Nest.
 18267 | Lair:6   | Found a staircase to the Swamp.
 18516 | Lair:7   | Noticed Kirke
 18558 | Lair:6   | Banished Kirke
 19076 | Lair:6   | Reached XP level 14. HP: 111/113 MP: 23/23
 19433 | Lair:7   | Got a slimy chain mail
 19434 | Lair:7   | Identified the +6 chain mail of the Hells {rElec rF+} (You found it on level 7 of the Lair of Beasts)
 19586 | Lair:7   | Reached skill level 10 in Long Blades
 19686 | Lair:7   | Slain by a death yak

Skill      XL: |  1  2  3  4  5  6  7  8  9 10 11 12 13 14 |
---------------+-------------------------------------------+-----
Dodging        | 1 2 3 4 5 6 |  6.7
Armour         | 3 4 5 6 7 8 9 11 | 11.2
Fighting       | 4 5 6 8 9 11 | 11.4
Long Blades    | 3 4 5 6 7 8 9 10 | 10.1
Invocations    | 3 4 5 6 7 9 11 12 | 12.7
Shields        | 2 4 6 8 9 11 | 11.3

Action                   |  1- 3 |  4- 6 |  7- 9 | 10-12 | 13-15 || total
-------------------------+-------+-------+-------+-------+-------++-------
Melee: Falchion          |   112 |   194 |    24 |       |       ||   330
       Long sword        |       |       |   314 |       |       ||   314
       Great sword       |       |       |   250 |  1043 |   387 ||  1680
Invok: Depart the Abyss  |     1 |       |       |       |       ||     1
       Banish            |       |       |     2 |     3 |     3 ||     8
       Bend Space        |       |       |       |     1 |     3 ||     4
       Brand Weapon With |       |       |       |     1 |       ||     1
 Abil: Dig               |       |       |     4 |    19 |     9 ||    32
  Use: Potion            |       |     4 |     2 |     5 |     5 ||    16
       Scroll            |       |       |    10 |    14 |     9 ||    33
 Stab: Invisible         |       |       |       |     4 |       ||     4
  Eat: Chunk             |     2 |     6 |     6 |    10 |     7 ||    31
       Royal jelly       |       |       |     1 |       |     1 ||     2
       Beef jerky        |       |       |     1 |     1 |       ||     2
       Bread ration      |       |       |     1 |     5 |     2 ||     8
       Pizza             |       |       |       |     2 |     1 ||     3
Armor: Leather armour    |    28 |       |       |       |       ||    28
       Scale mail        |    13 |   103 |    13 |       |       ||   129
       Skin              |       |    17 |       |       |       ||    17
       Ring mail         |       |       |    94 |       |       ||    94
       Plate armour      |       |       |   241 |   684 |   111 ||  1036
       Chain mail        |       |       |       |       |    12 ||    12
Dodge: Dodged            |    62 |   123 |   203 |   322 |   118 ||   828
Block: Buckler           |       |       |     5 |       |       ||     5
       Shield            |       |       |   215 |   391 |       ||   606
       Large shield      |       |       |       |   397 |   326 ||   723
